 Dungeon Crawl Stone Soup version 0.26.0-7-g794d0892b4 (webtiles) character file.

Game seed: 1713539986288676578

967 trckry the Unbeliever (level 7, -2/55 HPs)
             Began as a Demonspawn Wanderer on Jan 10, 2021.
             Slain by an ogre
             ... wielding a +0 giant club
              (11 damage)
             ... on level 5 of the Dungeon.
             The game lasted 00:11:45 (6171 turns).

trckry the Unbeliever (Demonspawn Wanderer)         Turns: 6171, Time: 00:11:45

Health: -2/55      AC:  8    Str: 11    XL:     7   Next: 93%
Magic:  10/10      EV:  8    Int: 19    God:
Gold:   523        SH:  7    Dex: 10    Spells: 6/6 levels left

rFire    . . .     SeeInvis .   u - +0 flail
rCold    + . .     Faith    .   r - +0 kite shield
rNeg     . . .     Spirit   .   b - +0 ring mail
rPois    .         Reflect  .   (no helmet)
rElec    .         Harm     .   f - +0 cloak
rCorr    .         Rampage  .   i - +0 pair of gloves
Will     .....                  (no boots)
Stlth    ..........             (no amulet)
HPRegen  0.18/turn              (no ring)
MPRegen  0.12/turn              (no ring)

@: no status effects
A: talons 1, rugged brown scales 1, cold resistance 1, powered by death 2
a: no special abilities


You were on level 5 of the Dungeon.
You visited 1 branch of the dungeon, and saw 5 of its levels.
You also visited: Ossuary.

You collected 523 gold pieces.

Inventory:

Hand Weapons
 u - a +0 flail (weapon)
Missiles
 h - 12 poisoned darts (quivered)
Armour
 b - a +0 ring mail (worn)
 f - a +0 cloak (worn)
 i - a +0 pair of gloves (worn)
 r - a +0 kite shield (worn)
Jewellery
 x - an uncursed ring of protection from fire {unknown}
 y - an uncursed amulet of faith {unknown}
 z - a cursed -4 ring of dexterity {unknown}
Wands
 c - a wand of random effects (8)
 o - a wand of paralysis (2)
 p - a wand of polymorph (10)
 w - a wand of disintegration (6)
 A - a wand of digging (6)
Scrolls
 d - 6 scrolls of identify {unknown}
 e - 2 scrolls of fog {unknown}
 g - 2 scrolls of remove curse {unknown}
 j - 2 scrolls of blinking {unknown}
 k - 5 scrolls of teleportation {unknown}
 l - a scroll of fear {unknown}
 q - 4 scrolls of noise {unknown}
 C - a scroll of enchant armour {unknown}
Potions
 a - a potion of heal wounds {unknown}
 m - a potion of invisibility {unknown}
 n - a potion of lignification {unknown}
 s - a potion of cancellation {unknown}
 t - 2 potions of curing {unknown}
 v - 3 potions of might {unknown}
 B - a potion of degeneration {unknown}
 D - a potion of brilliance {unknown}
 E - a potion of attraction {unknown}
 F - a potion of berserk rage {unknown}
 G - a potion of flight {unknown}


   Skills:
 + Level 4.1 Fighting
 - Level 1.7 Short Blades
 * Level 4.0 Maces & Flails
 + Level 2.2 Throwing
 + Level 2.7 Armour
 + Level 2.2 Dodging
 + Level 2.6 Shields
 * Level 5.0 Invocations
 + Level 2.8 Evocations


You had 6 spell levels left.
You didn't know any spells.
Your spell library contained the following spells:

 Spells                   Type           Power        Failure   Level
 Corona                   Hex            0%           94%         1
 Ensorcelled Hibernation  Hex/Ice        0%           98%         2
 Confusing Touch          Hex            0%           100%        3
 Dazzling Flash           Conj/Hex       0%           100%        3
 Tukima's Dance           Hex            0%           100%        3


Dungeon Overview and Level Annotations

Branches:
Dungeon (5/15)            Ossuary (visited)
 Temple: D:4-7

Altars:
Ashenzari
Cheibriados
Elyvilon
Hepliaklqana
Sif Muna
Wu Jian

Annotations:
D:2 1 runed translucent door, Crazy Yiuf


Innate Abilities, Weirdness & Mutations

You have sharp toenails.
You are partially covered in rugged brown scales. (AC +1, +3% HP)
Your flesh is cold resistant. (rC+)
You regenerate health from kills.


Message History

You thump the ogre! Your kick misses the ogre.
The ogre is heavily wounded.
The ogre closely misses you.
You hit the ogre.
The ogre is heavily wounded.
The ogre hits you with a +0 giant club!
You sock the ogre! Your kick misses the ogre.
The ogre is almost dead.
The ogre hits you with a +0 giant club!
You barely miss the ogre. You claw the ogre.
The ogre is almost dead.
The ogre hits you with a +0 giant club!!
* * * LOW HITPOINT WARNING * * *
Evoke which item? (* to show all) (? for menu, Esc to quit)
Aiming: Paralyse
Press: ? - help, Shift-Dir - straight line, f - ogre
Aim: an ogre, wielding a +0 giant club (almost dead, chance to affect: 54%)
The ogre resists with significant effort.
The ogre hits you with a +0 giant club!
You die...

#..... ..#.#
##.....#######.#.#
.............#.#.#
##.....#####.#.#.#
#.....
#...#<#.####..
#.....
#.###.........#
#.....
#.#....#####..#
######
#O#.##.#...#
#@#.##.'...#
#.#.##.#...#
#.#.##.#####
#...##........
#.#########... ###


You could see an ogre.

Vanquished Creatures
  Grinder (D:3)
  A phantom (D:4)
  An ogre (D:4)
  A howler monkey (D:4)
  2 hounds (D:4)
  An orc wizard (D:3)
  Jessica (D:2)
  An iguana (D:4)
  2 worker ants
  A big kobold zombie (Ossuary)
  8 mummies (Ossuary)
  2 adders
  11 gnolls
  4 oozes
  An adder skeleton (D:4)
  2 worms (D:3)
  4 dart slugs
  5 leopard geckos
  7 orcs
  9 giant cockroaches
  A gnoll zombie (Ossuary)
  4 hobgoblins
  2 jackals (D:1)
  2 quokkas
  6 bats
  10 frilled lizards
  5 goblins
  3 hobgoblin zombies (Ossuary)
  5 kobolds
  2 kobold zombies (Ossuary)
  An orc zombie (Ossuary)
  9 rats
115 creatures vanquished.

Vanquished Creatures (others)
  7 plants
7 creatures vanquished.

Grand Total: 122 creatures vanquished

Notes
Turn   | Place    | Note
-------+----------+-------------------------------------------
     0 | D:1      | trckry the Demonspawn Wanderer began the quest for the Orb.
     0 | D:1      | trckry set off with the following items: a +2 mace, a +0
                  | ring mail, a wand of random effects (15)
     0 | D:1      | Reached XP level 1. HP: 18/18 MP: 1/1
   156 | D:1      | Gained mutation: You regenerate a little health from kills.
                  | [demonic ancestry]
   156 | D:1      | Reached XP level 2. HP: 24/24 MP: 2/2
   230 | D:1      | Reached skill level 1 in Invocations
   320 | D:1      | Gained mutation: Your flesh is cold resistant. (rC+)
                  | [demonic ancestry]
   320 | D:1      | Reached XP level 3. HP: 29/29 MP: 3/3
  1010 | D:2      | Noticed Jessica
  1043 | D:2      | Killed Jessica
  1044 | D:2      | Reached skill level 2 in Invocations
  1044 | D:2      | Gained mutation: You are partially covered in rugged brown
                  | scales. (AC +1, +3% HP) [demonic ancestry]
  1044 | D:2      | Reached XP level 4. HP: 19/36 MP: 5/5
  1254 | D:2      | Reached skill level 1 in Throwing
  1570 | D:2      | Reached skill level 1 in Dodging
  1570 | D:2      | Gained mutation: You regenerate health from kills. [demonic
                  | ancestry]
  1570 | D:2      | Reached XP level 5. HP: 9/42 MP: 6/6
  2358 | D:2      | Found a runed translucent door.
  2359 | D:2      | Noticed Crazy Yiuf
  2461 | D:3      | Found a hazy altar of Hepliaklqana.
  2647 | D:3      | Noticed Grinder
  2649 | D:3      | Paralysed by Grinder for 5 turns
  2664 | D:3      | Killed Grinder
  2665 | D:3      | Reached skill level 3 in Invocations
  2665 | D:3      | Gained mutation: You have sharp toenails. [demonic
                  | ancestry]
  2665 | D:3      | Reached XP level 6. HP: 13/48 MP: 8/8
  2936 | D:3      | Found a snail-covered altar of Cheibriados.
  3135 | D:3      | Found a shimmering blue altar of Sif Muna.
  3260 | D:3      | Found an ornate altar of the Wu Jian Council.
  3450 | D:3      | HP: 4/49 [gnoll/+0 spear (8)]
  4049 | D:4      | Reached skill level 4 in Invocations
  4056 | D:4      | Reached XP level 7. HP: 48/54 MP: 10/10
  4089 | D:4      | Found a broken altar of Ashenzari.
  4898 | D:4      | Found a white marble altar of Elyvilon.
  5141 | D:5      | Entered Level 5 of the Dungeon
  5166 | D:5      | Found a sand-covered staircase.
  5391 | Ossuary  | Entered an ossuary
  5752 | Ossuary  | Reached skill level 5 in Invocations
  6171 | D:5      | Slain by an ogre

Illustrated notes

Levels and vault maps discovered:
D:1:      dpeg_arrival_circle_labyrinth_a, layout_basic, minmay_tall_x
D:2:      wad_crossroads, layout_rooms, minmay_lizard_pond, uniq_jessica,
          uniq_crazy_yiuf_cottage
D:3:      layout_basic, cheibriados_altar_1, nzn_hepliaklqana_mist_gate,
          tgw_sif, lemuel_crystal_altar, serial_forest,
          infiniplex_forest_lined_2, infiniplex_forest_lined_2,
          infiniplex_forest_clump_small, infiniplex_forest_zigzag_2,
          infiniplex_forest_clump_diagonal, infiniplex_forest_clump_medium,
          infiniplex_forest_straight_2, hangedman_feature_mirror,
          chequers_serial_rivers_small_3, uniq_grinder
D:4:      layout_gridville, overflow_temple_1_default, evilmike_ruin_ashenzari
D:5:      layout_basic, serial_bayou, serial_bayou_shore_b,
          serial_bayou_shore_a, serial_bayou_pond_c, serial_bayou_crossing,
          serial_bayou_pond_a, serial_bayou_pond_e, serial_shops, shop,
          enter_ossuary_2

Skill      XL: |  1  2  3  4  5  6  7 |
---------------+----------------------+-----
Maces & Flails | 2 3 4 |  4.0
Invocations    | 1 2 3 4 5 |  5.0
Throwing       | 1 2 |  2.2
Dodging        | 1 2 |  2.2
Armour         | 2 |  2.7
Shields        | 2 |  2.6
Evocations     | 2 |  2.8
Fighting       | 4 |  4.1
Short Blades   | |  1.7

Action                   |  1- 3 |  4- 6 |  7- 9 || total
-------------------------+-------+-------+-------++-------
Melee: Mace              |   116 |   117 |       ||   233
       Flail             |       |    75 |   195 ||   270
       Kick              |       |    12 |    39 ||    51
Evoke: Wand              |       |     6 |     5 ||    11
 Stab: Paralysed         |       |    11 |     2 ||    13
Armor: Ring mail         |    54 |   108 |    76 ||   238
Dodge: Dodged            |    79 |   115 |    67 ||   261
Block: Kite shield       |       |    51 |    75 ||   126
